 Dungeon Crawl Stone Soup version 0.28.0-53-g5a82cb258f (webtiles) character file.

Game seed: 17423380413727375653

2270 mcbry74 the Cleaver (level 9, 0/65 (74) HPs)
             Began as a Deep Dwarf Berserker on July 8, 2022.
             Was a Priest of Trog.
             Slain by a wight
             ... wielding a +0 trident
              (4 damage)
             ... on level 7 of the Dungeon.
             The game lasted 00:23:59 (6318 turns).

mcbry74 the Cleaver (Deep Dwarf Berserker)          Turns: 6318, Time: 00:24:06

HP:   0/65 (74)     AC: 19    Str: 22    XL:     9   Next: 16%
MP:   5/5           EV:  9    Int: 11    God:    Trog [***...]
Gold: 265           SH:  0    Dex: 12    Spells: 8/8 levels left

rFire   + . .      SeeInvis .   B - +0 war axe
rCold   . . .      Faith    .   s - orb {mayhem}
rNeg    . . .      Spirit   .   G - +7 chain mail of Gias {rF+ Stlth+}
rPois   .          Reflect  .   E - +2 hat
rElec   .          Harm     .   (no cloak)
rCorr   .          Rampage  .   (no gloves)
Will    +....                   (no boots)
Stlth   ..........              (no amulet)
HPRegen 0.00/turn               (no ring)
MPRegen 0.09/turn               (no ring)

@: heavily drained
A: damage resistance, heal wounds, sense surroundings 2, no regeneration
a: Heal Wounds, Renounce Religion, Berserk, Trog's Hand


You were on level 7 of the Dungeon.
You worshipped Trog.
Trog was most pleased with you.
You visited 1 branch of the dungeon, and saw 7 of its levels.

You collected 301 gold pieces.
You spent 36 gold pieces at shops.

Inventory:

Hand Weapons
 a - a +0 hand axe
 g - a +0 hunting sling
 t - the +7 dagger "Soghurra" {vorpal, rF+}
   (You found it on level 4 of the Dungeon)

   It inflicts extra damage upon your enemies.
   rF:        It protects you from fire.
 B - a +0 war axe (weapon)
 I - a +4 morningstar
Missiles
 k - 4 poisoned darts
 n - 51 sling bullets
 p - 114 stones
 x - 29 bolts
 H - a throwing net
Armour
 b - a +0 animal skin
 h - a +2 plate armour
 s - an orb of mayhem (worn)
 w - a +0 helmet
 E - a +2 hat (worn)
 G - the +7 chain mail of Gias (worn) {rF+ Stlth+}
   (You found it on level 6 of the Dungeon)

   rF:        It protects you from fire.
   Stlth:     It makes you more stealthy.
Wands
 v - a wand of flame (18)
Scrolls
 e - 3 scrolls of teleportation
 j - a scroll of magic mapping {unknown}
 m - a scroll of silence {unknown}
 r - 2 scrolls of enchant weapon {unknown}
 u - 2 scrolls of amnesia {unknown}
 y - 2 scrolls of vulnerability {unknown}
 z - 2 scrolls of blinking {unknown}
 A - a scroll of brand weapon {unknown}
 C - a scroll of fog {unknown}
 F - a scroll of torment {unknown}
 J - a scroll of fear {unknown}
Potions
 c - a potion of mutation
 d - 3 potions of heal wounds
 f - a potion of attraction
 i - 4 potions of ambrosia
 l - 3 potions of brilliance
 o - 5 potions of curing
 q - a potion of magic {unknown}
 D - a potion of flight {unknown}


   Skills:
 - Level 2.6 Fighting
 * Level 11.5 Axes
 + Level 7.9 Armour
 - Level 2.1 Dodging


You had 8 spell levels left.
You didn't know any spells.
Your spell library was empty.

Dungeon Overview and Level Annotations

Branches:
Dungeon (7/15)             Temple (0/1) D:6

Altars:
Elyvilon
Kikubaaqudgha
Ru
Vehumet
Wu Jian

Shops:
D:3 !   D:4 ?   D:7 ?


Innate Abilities, Weirdness & Mutations

You are resistant to damage.
You can heal yourself by infusing magical energy.
You passively map the area around you.
You do not regenerate.


Message History

The wight hits you but does no damage.
The wight hits you with a +3 short sword.
You hit the wight but do no damage.
The wight is heavily damaged.
The wight hits you from afar with a +0 trident.
The wight hits you but does no damage.
Okay, then.
Okay, then.
You aren't wearing any rings or amulets.
Okay, then.
The wight hits you from afar with a +0 trident!
Keep disrobing?
Uppercase [Y]es or [N]o only, please.
Keep disrobing?
Uppercase [Y]es or [N]o only, please.
Keep disrobing?
Uppercase [Y]es or [N]o only, please.
Keep disrobing?
You stop removing your armour.
* * * LOW HITPOINT WARNING * * *
You feel drained.
* * * LOW HITPOINT WARNING * * *
The wight barely misses you.
You barely miss the wight.
The wight is heavily damaged.
The wight hits you but does no damage. x2
You barely miss the wight.
The wight is heavily damaged.
The wight barely misses you. x2
You hit the wight.
The wight is almost destroyed.
The wight barely misses you. The wight hits you but does no damage.
You slash the wight!
You destroy the wight!
Trog accepts your kill.
The wight flies into a frenzy!
The wight hits you from afar with a +0 trident!
* * * LOW HITPOINT WARNING * * *
You feel drained.
You die...

.5...#,
#######.................
##.#.# *,
#.[...............
#.#.#,*
#.................
#.....# *
#.................
#.....#
#.................
.......# *
#.................
.......#
###.................
.......#
#z).................
.......#,
#.#@................
...###.# #.#........ , ,
, *, , #z#........ , , *
* * * #.#........ , ,,
*, , ** #z#........,, ,
, ..#........ , ,
...#........ + , ,
.<.##........ , * ....**
, ,


You could see a neutral wight (fast, strong, insane).

Vanquished Creatures
  Prince Ribbit (D:5)
  Sigmund (D:5)
  Eustachio (D:5)
  2 ice beasts
  A hornet zombie (D:5)
  2 necrophages (D:5)
  2 ogres
  A centaur (D:7)
  Blork the orc (D:4)
  A bullfrog (D:7)
  A scorpion (D:2)
  A water moccasin zombie (D:5)
  A killer bee (D:5)
  3 wights (D:7)
  2 hounds
  2 orc priests
  3 jellies
  A bullfrog skeleton (D:6)
  Jessica (D:2)
  A centaur skeleton (D:6)
  3 iguanas
  2 orc wizards (D:4)
  Natasha (thrice) (D:2)
  3 gnolls (D:4)
  A howler monkey skeleton (D:5)
  4 adders
  3 white imps
  An ufetubus (D:4)
  2 worms
  A dart slug (D:4)
  12 orcs
  6 bats
  8 endoplasms
  2 giant cockroaches
  7 goblins
  4 hobgoblins
  9 ball pythons
  5 frilled lizards
  7 kobolds
  2 rats
114 creatures vanquished.

Vanquished Creatures (collateral kills)
  A wight (D:7)
1 creature vanquished.

Vanquished Creatures (others)
  A wight (D:7)
  An orc wizard (D:4)
2 creatures vanquished.

Grand Total: 117 creatures vanquished

Notes
Turn   | Place    | Note
-------+----------+-------------------------------------------
     0 | D:1      | mcbry74 the Deep Dwarf Berserker began the quest for the
                  | Orb.
     0 | D:1      | Reached XP level 1. HP: 20/20 MP: 1/1
   172 | D:1      | Reached XP level 2. HP: 20/27 MP: 2/2
   181 | D:1      | Reached skill level 4 in Axes
   205 | D:1      | Found a faded altar of an unknown god.
   878 | D:2      | Noticed Jessica
   893 | D:2      | Killed Jessica
   894 | D:2      | Reached XP level 3. HP: 3/33 MP: 2/2
  1378 | D:2      | Reached ** piety under Trog
  1398 | D:2      | Found an ornate altar of the Wu Jian Council.
  1410 | D:2      | Noticed Natasha
  1421 | D:2      | Killed Natasha
  1422 | D:2      | Reached skill level 5 in Axes
  1422 | D:2      | Reached XP level 4. HP: 15/40 MP: 3/3
  1435 | D:2      | Noticed Natasha
  1445 | D:2      | Killed Natasha
  1453 | D:2      | Noticed Natasha
  1460 | D:2      | Killed Natasha
  1545 | D:2      | Reached XP level 5. HP: 26/46 MP: 4/4
  1785 | D:2      | Reached skill level 6 in Axes
  1799 | D:3      | Found a white marble altar of Elyvilon.
  2193 | D:3      | Found Hoteisil's Distillery.
  2209 | D:3      | Bought a potion of curing for 36 gold pieces
  2321 | D:3      | Found an ancient bone altar of Kikubaaqudgha.
  2433 | D:4      | Reached XP level 6. HP: 41/55 MP: 4/4
  2688 | D:4      | Found Hong's Magic Scroll Shop.
  2844 | D:4      | Identified the +7 dagger "Soghurra" {vorpal, rF+}
  3077 | D:4      | Reached skill level 7 in Axes
  3620 | D:4      | Reached *** piety under Trog
  3707 | D:4      | You fall into a shaft and drop 2 floors!
  3781 | D:6      | Reached XP level 7. HP: 61/61 MP: 5/5
  3910 | D:5      | Entered Level 5 of the Dungeon
  3944 | D:5      | Reached skill level 5 in Armour
  3944 | D:5      | Noticed Eustachio
  3967 | D:5      | Killed Eustachio
  3968 | D:5      | Reached skill level 8 in Axes
  4066 | D:5      | Reached skill level 9 in Axes
  4237 | D:4      | Noticed Blork the orc
  4251 | D:4      | Killed Blork the orc
  4252 | D:4      | Reached XP level 8. HP: 45/68 MP: 6/6
  4593 | D:5      | Found a sacrificial altar of Ru.
  4664 | D:5      | Noticed Sigmund
  4719 | D:5      | Killed Sigmund
  4752 | D:5      | Noticed Prince Ribbit
  4789 | D:5      | Killed Prince Ribbit
  4790 | D:5      | Reached skill level 10 in Axes
  4853 | D:5      | Found a radiant altar of Vehumet.
  5128 | D:6      | Found a staircase to the Ecumenical Temple.
  5144 | D:6      | Reached skill level 11 in Axes
  5254 | D:6      | Identified the +7 chain mail of Gias {rF+ Stlth+}
  5785 | D:6      | Gained mutation: You passively map the area around you.
                  | [Deep Dwarf growth]
  5785 | D:6      | Reached XP level 9. HP: 52/74 MP: 6/6
  6145 | D:7      | Found Sieqenaro's Magic Scroll Emporium.
  6318 | D:7      | Slain by a wight

Illustrated notes

Levels and vault maps discovered:
D:1:      moated_graveyard_arrival, layout_loops_ring,
          chequers_ecumenical_altar_island
D:2:      layout_loops_corners, basic_altar, uniq_natasha, uniq_jessica
D:3:      layout_rooms, old_standard_altar, elyvilon_altar_4, serial_shops,
          nicolae_shop_competitors_out_of_business
D:4:      layout_basic, serial_shops, shop, uniq_blork_the_orc
D:5:      layout_gridville, nicolae_ru_sacrificial_ziggurat,
          overflow_temple_1_default, hangedman_minor_gate_pass, uniq_sigmund,
          uniq_prince_ribbit1, uniq_eustachio
D:6:      layout_loops_ring, minmay_temple_entry_sparse_star,
          kennysheep_pointless_box
D:7:      layout_basic, okawaru_humans, serial_shops, nicolae_shop_crystal,
          uniq_harold

Skill      XL: |  1  2  3  4  5  6  7  8 |
---------------+-------------------------+-----
Axes           | 4 5 6 7 9 11 | 11.5
Armour         | 3 4 6 7 |  7.9
Fighting       | |  2.6
Dodging        | |  2.1

Action                   |  1- 3 |  4- 6 |  7- 9 || total
-------------------------+-------+-------+-------++-------
Melee: Hand axe          |   103 |   169 |       ||   272
       Punch             |     2 |       |       ||     2
       Dagger            |       |    53 |   170 ||   223
       War axe           |       |       |    30 ||    30
Invok: Trog's Hand       |       |     3 |     4 ||     7
 Abil: Heal Wounds       |     2 |     3 |     3 ||     8
  Use: Scroll            |       |     8 |     1 ||     9
 Stab: Sleeping          |     1 |       |       ||     1
Armor: Animal skin       |     8 |       |       ||     8
       Plate armour      |    44 |   112 |    93 ||   249
       Chain mail        |       |       |    48 ||    48
Dodge: Dodged            |    42 |    64 |    80 ||   186
